 Dungeon Crawl Stone Soup version 0.17-a0-1399-gd5b76e1 (webtiles) character file.

26 ketsa the Chiller (level 2, -4/19 HPs)
             Began as a Demonspawn Ice Elementalist on June 19, 2015.
             Slain by a worm (6 damage)
             ... on level 2 of the Dungeon.
             The game lasted 00:04:53 (2283 turns).

ketsa the Chiller (Demonspawn Ice Elementalist)     Turns: 2283, Time: 00:04:53

Health: -4/19      AC:  2    Str:  8    XL:     2   Next: 89%
Magic:  1/5        EV: 12    Int: 16    God:
Gold:   101        SH:  0    Dex: 13    Spells: 2 memorised, 2 levels left

rFire  . . .     SeeInvis .     d - +0 dagger (curse)
rCold  . . .     Clarity  .     a - +0 robe
rNeg   . . .     SustAt   .     (no shield)
rPois  .         Gourm    .     (no helmet)
rElec  .         Spirit   .     (no cloak)
rCorr  .         Warding  .     (no gloves)
rMut   .         Stasis   .     (no boots)
MR     .....                    (no amulet)
Stlth  +++.......               (no ring)
                                (no ring)

@: not resistant to hostile enchantments, fairly stealthy
A: nightstalker 1
a: no special abilities


You were on level 2 of the Dungeon.
You were not hungry.

You visited 1 branch of the dungeon, and saw 3 of its levels.

You collected 101 gold pieces.

Inventory:

Hand weapons
 d - a cursed +0 dagger (weapon)
Missiles
 n - 5 tomahawks (quivered)
Armour
 a - a +0 robe (worn)
 o - a +0 ring mail
Scrolls
 i - a scroll of noise {unknown}
 j - a scroll of remove curse {unknown}
 k - a scroll of teleportation {unknown}
 m - a scroll of identify {unknown}
Potions
 e - 2 potions of heal wounds {unknown}
 f - a potion of flight {unknown}
 h - a potion of degeneration {unknown}
 l - 3 potions of curing {unknown}
Books
 b - a book of Frost

   Spells                             Type                      Level
   a - Freeze                         Ice                          1
   b - Throw Frost                    Conjuration/Ice              2
   c - Ozocubu's Armour               Charms/Ice                   3
   d - Throw Icicle                   Conjuration/Ice              4
   e - Summon Ice Beast               Ice/Summoning                4
   f - Condensation Shield            Ice                          4
Comestibles
 c - 5 bread rations
 g - 3 meat rations


   Skills:
 + Level 2.2 Dodging
 - Level 1.7 Stealth
 + Level 2.3 Spellcasting
 - Level 1.0 Conjurations
 + Level 3.1 Ice Magic


You had 2 spell levels left.
You knew the following spells:

 Your Spells              Type           Power        Failure   Level  Hunger
a - Freeze                Ice            ##..         8%          1    #......
b - Throw Frost           Conj/Ice       #.....       14%         2    ###....


Dungeon Overview and Level Annotations

Branches:
Dungeon (3/15)

Altars:
Makhleb


Innate Abilities, Weirdness & Mutations

You are slightly more attuned to the shadows.


Message History

Aim: a worm (moderately wounded)
You freeze the worm.
The worm is heavily wounded.
The worm bites you!
Ouch! That really hurt!
Casting: Freeze
Confirm with . or Enter, or press ? or * to list all spells.
Aiming: Freeze
Press: ? - help, Shift-Dir - straight line, f/p - worm
Aim: a worm (heavily wounded)
You freeze the worm.
The worm is almost dead.
The worm bites you.
* * * LOW HITPOINT WARNING * * *
You hit the worm but do no damage.
The worm is severely wounded.
You hit the worm but do no damage.
The worm is severely wounded.
The worm bites you.
You die...

### ###.######## #
#..........# #
###.######.# .# ### #.#
#.# .# ... #.#
#.########.# ### #.#
#...@w.....# #..
#.#######.######..# #..
###.................######
#..
#.........#.######..##...#
#.. ####.####.#.####
#..##...# #.. #.#
#.#.##.###..##...###.. #.#
#.#.##.#...........#.. #.#
#.#.##.##.#.######.### #.#
#...##......# #.# #


You could see a worm.

Vanquished Creatures
  A giant gecko (D:2)
  4 bats
  2 giant cockroaches
  6 goblins
  2 hobgoblins
  3 kobolds (D:1)
  A giant newt (D:1)
  4 rats
23 creatures vanquished.

Notes
Turn   | Place    | Note
--------------------------------------------------------------
     0 | D:1      | ketsa the Demonspawn Ice Elementalist began the quest for the Orb.
     0 | D:1      | Reached XP level 1. HP: 13/13 MP: 3/3
   552 | D:1      | Gained mutation: You are slightly more attuned to the shadows. [demonic ancestry]
   552 | D:1      | Reached XP level 2. HP: 19/19 MP: 3/5
   556 | D:1      | Learned a level 2 spell: Throw Frost
   565 | D:1      | Reached skill level 3 in Ice Magic
  2115 | D:2      | Found a burning altar of Makhleb.
  2283 | D:2      | Slain by a worm

Vault maps used:
D:1:      dpeg_arrival_simpleton_a
D:2:      gammafunk_temple_overflow_statue, lemuel_doored_altar
D:3:      nicolae_overflow_crystal_walls, serial_glass, glass_columns_a,
          glass_columns_a

Action                   || total
-------------------------++-------
Melee: Unarmed           ||    13
       Dagger            ||    46
 Cast: Freeze            ||    37
       Throw Frost       ||     1
 Stab: Sleeping          ||     7
  Eat: Chunk             ||     3
       Royal jelly       ||     1
